 Dungeon Crawl Stone Soup version 0.30-a0-834-g1789cb1 (webtiles) character file.

Game seed: 12116466844913445346

88 malesh the Sneak (level 4, -1/22 (24) HPs)
             Began as a Kobold Enchanter on Mar 1, 2023.
             Slain by Crazy Yiuf
             ... wielding a +3 quarterstaff of chaos
              (8 damage)
             ... on level 2 of the Dungeon.
             The game lasted 00:07:18 (2134 turns).

malesh the Sneak (Kobold Enchanter)                 Turns: 2134, Time: 00:07:18

HP:   -1/22 (24)    AC:  3    Str:  5    XL:     4   Next: 82%
MP:   4/7           EV: 15    Int: 16    God:
Gold: 147           SH:  0    Dex: 17    Spells: 0/8 levels left

rFire   . . .      SeeInvis .    i - +2 dagger (venom)
rCold   . . .      Faith    .    (no shield)
rNeg    . . .      Spirit   .    b - +0 robe
rPois   .          Reflect  .    d - +0 helmet
rElec   .          Harm     .    (no cloak)
rCorr   .          Rampage  .    (no gloves)
Will    .....                    (no boots)
Stlth   ++++                     (no amulet)
HPRegen 0.23/turn                (no ring)
MPRegen 0.10/turn                (no ring)

@: confusing by touch, drained
A: small, no large weapons, nightstalker 3
a: no special abilities


You were on level 2 of the Dungeon.
You visited 1 branch of the dungeon, and saw 2 of its levels.

You collected 147 gold pieces.

Inventory:

Hand Weapons
 a - a +1 dagger
 i - a +2 dagger of venom (weapon)
Armour
 b - a +0 robe (worn)
 d - a +0 helmet (worn)
Scrolls
 g - 3 scrolls of teleportation {unknown}
 h - a scroll of enchant armour {unknown}
 k - a scroll of identify {unknown}
Potions
 c - 4 potions of invisibility
 e - 3 potions of brilliance {unknown}
 f - 2 potions of curing {unknown}
 j - a potion of might {unknown}


   Skills:
 + Level 1.5 Short Blades
 + Level 2.6 Dodging
 + Level 5.9 Stealth
 + Level 2.6 Spellcasting
 + Level 3.6 Hexes
 + Level 0.6 Ice Magic


You couldn't memorise any spells.
You knew the following spells:

 Your Spells              Type           Power      Damage    Failure   Level
a - Ensorcelled Hibernat  Hex/Ice        16%        N/A       12%         2
b - Confusing Touch       Hex            13%        N/A       13%         3
c - Tukima's Dance        Hex            13%        N/A       13%         3

Your spell library contained the following spells:

 Spells                   Type           Power      Damage    Failure   Level
 Dazzling Flash           Conj/Hex       14%        N/A       28%         3


Dungeon Overview and Level Annotations

Branches:
Dungeon (2/15)

Altars:

Shops:
D:1 (

Annotations:
D:2 Crazy Yiuf


Innate Abilities, Weirdness & Mutations

You are small and have problems with some larger weapons.
You are completely attuned to the shadows.


Message History

You see here a hobgoblin corpse.
You barely miss the giant cockroach. The giant cockroach misses you.
You hit the giant cockroach.
The giant cockroach is almost dead.
The giant cockroach closely misses you.
You hit the giant cockroach.
You kill the giant cockroach!
Your magical contamination has completely faded away.
k - a scroll labelled VUIDYO UTOIS Unknown command.
Unknown command.
Found an escape hatch in the ceiling.
Found a stone staircase leading down.
You open the door.
There is an open door here.
Found 3 stones.
Found a runed translucent door.
Found a hammer.
You open the door.
There is an open translucent door here.
Crazy Yiuf shouts!
Crazy Yiuf drinks a potion.
Crazy Yiuf goes berserk!
Casting: Ensorcelled Hibernation (safe; 12% risk of failure)
Confirm with . or Enter, or press ? or * to list all spells.
You can't see any susceptible monsters within range! (Use Z to cast anyway.)
Casting: Ensorcelled Hibernation (safe; 12% risk of failure)
Confirm with . or Enter, or press ? or * to list all spells.
Okay, then.
Unknown command.
Casting: Ensorcelled Hibernation (safe; 12% risk of failure)
Confirm with . or Enter, or press ? or * to list all spells.
The spell is quite dangerous to miscast (13% risk of failure)!
Continue anyway?
Your hands begin to glow red.
You hit Crazy Yiuf but do no damage. Crazy Yiuf barely misses you. x2
You barely miss Crazy Yiuf.
Crazy Yiuf hits you with a +3 quarterstaff of chaos!
Ouch! That really hurt!
* * * LOW HITPOINT WARNING * * *
You feel drained.
You die...

#..#
♣....♣
#..#
♣♣...♣
#..#
♣♣.♣♣
#..#
♣♣.♣
#..#
♣.♣♣
#..#
♣♣.♣
####
♣.♣♣
##'##
#.@.#
#.g.#
#)..#
#####


You could see Crazy Yiuf (berserk).

Vanquished Creatures
  Terence (D:2)
  An adder (D:2)
  3 dart slugs
  5 ball pythons
  2 bats (D:1)
  3 endoplasms (D:1)
  A giant cockroach (D:2)
  12 goblins
  7 hobgoblins
  2 quokkas
  4 frilled lizards (D:1)
  2 rats
43 creatures vanquished.

Notes
Turn   | Place    | Note
-------+----------+-------------------------------------------
     0 | D:1      | malesh the Kobold Enchanter began the quest for the Orb.
     0 | D:1      | Reached XP level 1. HP: 10/10 MP: 3/3
   162 | D:1      | Reached XP level 2. HP: 15/15 MP: 5/5
   179 | D:1      | Learned a level 2 spell: Ensorcelled Hibernation
   629 | D:1      | Found Jeanno Irabu's Antique Weapon Shop.
   667 | D:1      | Reached XP level 3. HP: 19/19 MP: 6/6
   851 | D:1      | Reached skill level 5 in Stealth
  1113 | D:1      | Learned a level 3 spell: Confusing Touch
  1498 | D:2      | Noticed Terence
  1504 | D:2      | Killed Terence
  1505 | D:2      | Reached XP level 4. HP: 24/24 MP: 0/7
  1606 | D:2      | Learned a level 3 spell: Tukima's Dance
  2125 | D:2      | Found a runed translucent door.
  2128 | D:2      | Noticed Crazy Yiuf
  2134 | D:2      | Slain by Crazy Yiuf

Illustrated notes

Levels and vault maps discovered:
D:1:      minmay_arrival_up_and_down, layout_loops_corners, serial_shops, shop
D:2:      cheibrodos_greedy_goblins, layout_basic, minmay_tetromino_i4,
          uniq_robin, uniq_jessica, uniq_crazy_yiuf_cottage, uniq_terence

Skill      XL: |  1  2  3 |
---------------+----------+-----
Stealth        | 5 |  5.9
Short Blades   | |  1.5
Dodging        | |  2.6
Spellcasting   | |  2.6
Hexes          | |  3.6
Ice Magic      | |  0.6

Action                     |  1- 3 |  4- 6 || total
---------------------------+-------+-------++-------
  Melee: Dagger            |    38 |    31 ||    69
   Cast: Ensorcelled Hiber |    16 |     9 ||    25
         Confusing Touch   |       |     1 ||     1
   Stab: Sleeping          |    26 |     8 ||    34
 Armour: Robe              |     7 |     3 ||    10
  Dodge: Dodged            |    21 |    15 ||    36

Table legend: (Time is in decaauts)
 A = Elapsed time spent in this place.
 B = Non-inter-level travel time spent in this place.
 C = Inter-level travel time spent in this place.
 D = Time resting spent in this place.
 E = Time spent auto-exploring this place.
 F = Levels seen in this place.
 G = Mean time per level.
                   A        B        C        D        E       F      G
               +--------+--------+--------+--------+--------+-----+--------+
         Total |   2128 |   2063 |     65 |    221 |   1514 |   2 | 1064.0 |
       Dungeon |   2128 |   2063 |     65 |    221 |   1514 |   2 | 1064.0 |
               +--------+--------+--------+--------+--------+-----+--------+

Top non-repeatable levels by time:
     D:1: 1197 daAuts
     D:2: 931 daAuts
